AoeStats
← PRO_ENEMY

Hill Fort

504847344Analyzed
4v4 RM · 26d ago on Sep 6, 2026· 83m 31s· 8 players
Game mode
Random Map
Map size
Large (8 player)
Population
200
Speed
Normal
Resources
Standard
Victory
Conquest
Starting age
Dark Age
Ending age
Imperial Age
RankedLock teamsTeams togetherTeam positionsShared explorationLock speedFull tech treeHidden civsTurbo modeCheats
Victory
Defeat
🇪🇸 Spanish · Spain
1291
+14
🇪🇸 Malians · Spain
1240
+16
🇵🇰 Portuguese · Pakistan
1195
+18
🇮🇱 Khmer · Israel
1180
+18
🇦🇷 Hindustanis · Argentina
1281
-19
🇧🇷 Burgundians · Brazil
1237
-16
🇵🇪 Turks · Peru
1223
-16
🇸🇪 Ethiopians · Sweden
1191
-15
Feijao
5:12 Double-Bit Axe
11:21 Feudal Age
10:53 Horse Collar
12:26 Bow Saw
12:17 Loom
17:36 Castle Age
15:35 Gold Mining
18:28 Wheelbarrow
18:14 Fishing Lines
18:54 Forging
18:49 Scale Barding Armor
19:06 Husbandry
20:51 Iron Casting
19:50 Cavalier
22:09 Light Cavalry
24:52 Fishing Lines
26:55 Heavy Plow
28:23 Town Watch
28:35 Stone Mining
30:02 Chain Barding Armor
31:41 Hand Cart
32:23 Gillnets
38:27 Imperial Age
36:11 Fletching
37:55 Crop Rotation
38:26 Two-Man Saw
38:03 Gold Shaft Mining
38:04 Stone Shaft Mining
38:32 Burgundian Vineyards
38:50 Fervor
39:08 Bodkin Arrow
40:45 Masonry
40:15 Treadmill Crane
41:37 Chemistry
40:58 Ballistics
40:14 Paladin
41:21 Hussar
42:48 Plate Barding Armor
44:49 Blast Furnace
44:46 Conscription
46:40 Caravan
51:26 Pikeman
52:06 Squires
52:08 Scale Mail Armor
52:10 Bracer
52:05 Halberdier
53:49 Chain Mail Armor
53:21 Arson
55:33 Plate Mail Armor
56:54 Architecture
56:20 Murder Holes
58:33 Coinage
58:13 Guilds
71:19 Padded Archer Armor
71:04 Elite Skirmisher
73:27 Leather Archer Armor
Jesus_was_black
0:37 Loom
10:53 Feudal Age
12:09 Horse Collar
12:16 Double-Bit Axe
13:20 Fletching
18:51 Gold Mining
23:02 Castle Age
23:05 Crossbowman
23:52 Thumb Ring
24:01 Bodkin Arrow
27:41 Ballistics
33:04 Bow Saw
35:31 Imperial Age
34:02 Heavy Plow
33:56 Stone Mining
35:35 Arbalester
37:19 Chemistry
36:26 Bracer
38:14 Padded Archer Armor
47:10 Wheelbarrow
47:41 Torsion Engines
52:03 Conscription
52:55 Squires
53:10 Forging
53:00 Scale Mail Armor
53:09 Halberdier
69:11 Iron Casting
68:52 Chain Mail Armor
76:56 Plate Mail Armor
78:04 Hand Cart
Fherminator
10:21 Feudal Age
15:17 Castle Age
14:58 Double-Bit Axe
14:54 Horse Collar
15:52 Loom
20:56 Scale Barding Armor
23:23 Wheelbarrow
24:07 Bloodlines
26:05 Bow Saw
26:45 Heavy Plow
28:22 Stone Mining
28:28 Gold Mining
35:17 Imperial Age
32:33 Town Watch
33:33 Husbandry
32:54 Light Cavalry
35:13 Chain Barding Armor
36:06 Forging
35:26 Heavy Camel Rider
38:45 Conscription
39:59 Chemistry
38:47 Hussar
40:10 Hand Cart
40:09 Imperial Camel Rider
41:33 Hussar
43:21 Plate Barding Armor
43:21 Iron Casting
47:49 Blast Furnace
48:13 Chemistry
47:34 Ballistics
49:02 Caravan
52:05 Grand Trunk Road
58:43 Squires
58:03 Pikeman
jona_vte_94
11:12 Feudal Age
13:47 Loom
16:58 Castle Age
16:21 Double-Bit Axe
16:17 Horse Collar
17:33 Fletching
18:55 Town Watch
27:03 Gold Mining
29:26 Stone Mining
33:13 Imperial Age
31:51 Wheelbarrow
32:31 Bodkin Arrow
33:51 Hand Cart
34:31 Conscription
37:13 Elite Janissary
39:46 Ballistics
39:43 Treadmill Crane
41:15 Artillery
43:25 Bombard Tower
44:08 Bracer
46:01 Bloodlines
45:53 Padded Archer Armor
51:19 Scale Barding Armor
51:26 Forging
52:02 Guard Tower
52:23 Masonry
53:18 Chain Barding Armor
59:30 Hoardings
|GaoeG| Tifus
10:17 Loom
12:11 Feudal Age
16:16 Castle Age
14:17 Horse Collar
14:36 Double-Bit Axe
17:34 Bow Saw
17:26 Heavy Plow
22:20 Wheelbarrow
23:28 Hand Cart
25:04 Gold Mining
25:04 Stone Mining
25:11 Gold Mining
26:05 Light Cavalry
26:56 Bloodlines
26:47 Husbandry
29:35 Imperial Age
29:46 Scale Barding Armor
29:51 Forging
30:19 Farimba
30:45 Conscription
29:52 Cavalier
34:26 Chain Barding Armor
35:25 Crop Rotation
42:23 Heavy Camel Rider
54:27 Plate Barding Armor
54:46 Iron Casting
62:17 Town Watch
78:46 Capped Ram
|GaoeG| flamingo
11:08 Feudal Age
9:42 Loom
11:54 Feudal Age
10:12 Loom
15:21 Castle Age
14:17 Double-Bit Axe
14:17 Horse Collar
16:36 Bow Saw
17:27 Heavy Plow
21:01 Gold Mining
21:54 Padded Archer Armor
29:40 Bloodlines
29:31 Husbandry
29:49 Leather Archer Armor
30:44 Stone Mining
33:42 Wheelbarrow
38:04 Imperial Age
35:50 Hand Cart
38:01 Town Watch
39:19 Conscription
40:05 Conscription
39:27 Elite Conquistador
44:03 Ring Archer Armor
43:50 Guilds
46:51 Fletching
48:15 Supremacy
48:30 Bodkin Arrow
52:18 Bracer
53:00 Scale Barding Armor
53:06 Forging
52:20 Light Cavalry
55:01 Chain Barding Armor
55:17 Iron Casting
54:47 Hussar
56:07 Plate Barding Armor
58:39 Blast Furnace
PRO_ENEMY
11:31 Feudal Age
17:14 Castle Age
16:31 Fletching
16:27 Double-Bit Axe
16:46 Horse Collar
18:52 Loom
19:41 Bow Saw
22:28 Heavy Plow
27:52 Gold Mining
29:00 Town Watch
35:16 Stone Mining
36:12 Bodkin Arrow
38:11 Wheelbarrow
38:05 Padded Archer Armor
39:23 Hand Cart
40:00 Stone Shaft Mining
40:43 Leather Archer Armor
40:38 Scale Mail Armor
43:22 Scale Mail Armor
43:32 Forging
48:38 Imperial Age
47:12 Chain Mail Armor
47:32 Iron Casting
47:44 Pikeman
48:10 Gambesons
48:11 Arson
49:49 Conscription
50:13 Ballistics
50:09 Masonry
49:56 Murder Holes
51:22 Plate Mail Armor
51:32 Halberdier
54:55 Architecture
55:28 Caravan
57:10 Blast Furnace
57:14 Leather Archer Armor
56:59 Bracer
58:05 Leather Archer Armor
58:53 Chemistry
58:57 Two-Man Saw
58:28 Crop Rotation
57:42 Elite Skirmisher
58:28 Thumb Ring
61:32 Coinage
61:14 Guilds
61:36 Ring Archer Armor
64:02 Bombard Tower
66:04 Arquebus
65:57 Elite Organ Gun
76:16 Treadmill Crane
76:41 Siege Engineers
76:47 Fortified Wall
BlackCat
11:02 Feudal Age
10:17 Loom
15:44 Castle Age
14:55 Double-Bit Axe
14:51 Horse Collar
17:22 Bow Saw
35:59 Heavy Plow
36:27 Tusk Swords
38:18 Gold Mining
39:53 Forging
40:01 Bloodlines
41:15 Husbandry
41:23 Scale Barding Armor
42:08 Wheelbarrow
45:58 Imperial Age
47:00 Iron Casting
46:46 Chain Barding Armor
46:27 Elite Battle Elephant
48:44 Blast Furnace
49:11 Crop Rotation
50:24 Plate Barding Armor
49:40 Fletching
56:45 Caravan
57:38 Murder Holes
58:25 Light Cavalry
60:28 Hand Cart
61:00 Hussar
Connection lost

Rejoining the realm…

Still unreachable

The connection could not be restored.

Session expired

The server has moved on; the page needs a fresh start.